 Dungeon Crawl Stone Soup version 0.29-a0-233-g1125b37a9b (webtiles) character file.

Game seed: 11747392673172342445

1521 PaleWalker the Chiller (level 8, -32/57 HPs)
             Began as a Ghoul Ice Elementalist on Mar 2, 2022.
             Was a Priest of Cheibriados.
             Killed from afar by a gnoll (39 damage)
             ... with a bolt of acid
             ... on level 5 of the Dungeon.
             The game lasted 00:21:38 (5989 turns).

PaleWalker the Chiller (Ghoul Ice Elementalist)     Turns: 5989, Time: 00:21:40

Health: -32/57     AC:  7    Str: 20    XL:     8   Next: 84%
Magic:  1/14       EV: 10    Int: 20    God:    Cheibriados [***...]
Gold:   226        SH:  0    Dex: 17    Spells: 7/17 levels left

rFire   . . .      SeeInvis .   t - +1 short sword (drain)
rCold   + . .      Faith    .   (no shield)
rNeg    + + +      Spirit   .   w - +0 scale mail
rPois   ∞          Reflect  .   i - +0 helmet
rElec   .          Harm     .   y - scarf {+Inv}
rCorr   .          Rampage  .   (no gloves)
Will    .....                   (no boots)
Stlth   +.........              (no amulet)
HPRegen 0.00/turn               r - ring of wizardry
MPRegen 0.14/turn               (no ring)

@: inhibited regen, very slow
A: claws 1, cold resistance 1, negative energy resistance 3, inhibited
regeneration, torment resistance 2
a: Renounce Religion, Evoke Invisibility, Bend Time, Temporal Distortion


You were on level 5 of the Dungeon.
You worshipped Cheibriados.
Cheibriados was most pleased with you.
You visited 1 branch of the dungeon, and saw 5 of its levels.

You collected 226 gold pieces.

Inventory:

Hand Weapons
 a - a +0 rapier
 t - a +1 short sword of draining (weapon)
Armour
 c - a +0 leather armour of cold resistance
 i - a +0 helmet (worn)
 w - a +0 scale mail (worn)
 y - a scarf of invisibility (worn)
 E - a +0 robe of fire resistance
Jewellery
 k - a ring of ice
 r - a ring of wizardry (left claw)
Wands
 m - a wand of flame (14)
 p - a wand of paralysis (11)
Scrolls
 d - 4 scrolls of immolation {unknown}
 f - 4 scrolls of teleportation {unknown}
 g - a scroll of fog {unknown}
 j - 6 scrolls of identify {unknown}
 l - a scroll of enchant armour {unknown}
 o - a scroll of magic mapping {unknown}
 q - 2 scrolls of fear {unknown}
 s - a scroll of enchant weapon {unknown}
 C - a scroll of vulnerability {unknown}
 F - a scroll of amnesia {unknown}
Potions
 b - a potion of ambrosia {unknown}
 e - 2 potions of curing {unknown}
 h - a potion of attraction {unknown}
 n - a potion of brilliance {unknown}
 u - 2 potions of magic {unknown}
 v - 3 potions of haste {unknown}
 x - a potion of lignification {unknown}
 z - a potion of cancellation {unknown}
 A - a potion of degeneration {unknown}
 B - a potion of heal wounds {unknown}
 D - 2 potions of mutation {unknown}


   Skills:
 - Level 1.8 Armour
 - Level 1.7 Dodging
 - Level 2.1 Stealth
 + Level 5.2 Spellcasting
 * Level 1.2 Conjurations
 + Level 7.2 Ice Magic
 - Level 4.1 Poison Magic
 - Level 5.0 Invocations


You had 7 spell levels left.
You knew the following spells:

 Your Spells              Type           Power      Damage    Failure   Level
a - Freeze                Ice            100%       1d11      1%          1
b - Poisonous Vapours     Pois/Air       26%        N/A       9%          2
c - Ozocubu's Armour      Ice            34%        N/A       1%          3
d - Hailstorm             Conj/Ice       22%        3d7       22%         4

Your spell library contained the following spells:

 Spells                   Type           Power      Damage    Failure   Level
 Frozen Ramparts          Ice            68%        1d8       1%          3
 Summon Small Mammal      Summ           20%        N/A       13%         1
 Corpse Rot               Necr/Air       10%        N/A       21%         2
 Call Canine Familiar     Summ           5%         N/A       36%         3
 Summon Guardian Golem    Hex/Summ       5%         N/A       36%         3


Dungeon Overview and Level Annotations

Branches:
Dungeon (5/15)
 Temple: D:4-7

Altars:
Cheibriados
Gozag
Trog


Innate Abilities, Weirdness & Mutations

You thrive by killing the living.
You are immune to poison.
You have sharp fingernails.
Your flesh is cold resistant. (rC+)
You are immune to negative energy. (rN+++)
You do not regenerate when monsters are visible.
You are immune to unholy pain and torment.


Message History

The sling bullet hits you!
The gnoll sergeant shoots a sling bullet.
The sling bullet closely misses you.
The gnoll sergeant shoots a sling bullet.
The sling bullet completely misses you.
The gnoll sergeant shoots a sling bullet.
The sling bullet hits you.
The gnoll shouts!
The gnoll sergeant shoots a sling bullet.
The sling bullet closely misses you.
The gnoll zaps a wand.
The bolt of acid misses you.
The gnoll sergeant shoots a sling bullet.
The sling bullet barely misses you.
The gnoll sergeant shoots a sling bullet.
The sling bullet hits you but does no damage.
The gnoll zaps a wand.
The bolt of acid hits you!!
* * * LOW HITPOINT WARNING * * *
The gnoll sergeant shoots a sling bullet.
The sling bullet hits you!
* * * LOW HITPOINT WARNING * * *
The gnoll sergeant shoots a sling bullet.
The sling bullet hits you but does no damage.
The gnoll sergeant shoots a sling bullet.
The sling bullet hits you but does no damage.
Casting: Poisonous Vapours (safe; 9% risk of failure)
Confirm with . or Enter, or press ? or * to list all spells.
Aiming: Poisonous Vapours (safe; 9% risk of failure)
Press: ? - help, Dir - move target, f - gnoll
Aim: a gnoll, wielding a +0 spear and carrying a wand of acid (7) Poisonous vapours surround the gnoll!
The gnoll is poisoned.
The gnoll hits you but does no damage.
Casting: Poisonous Vapours (safe; 9% risk of failure)
Confirm with . or Enter, or press ? or * to list all spells.
Aiming: Poisonous Vapours (safe; 9% risk of failure)
Press: ? - help, Dir - move target, f/p - gnoll
Aim: a gnoll, wielding a +0 spear and carrying a wand of acid (7) (poisoned) Poisonous vapours surround the gnoll!
The gnoll looks even sicker.
The gnoll zaps a wand.
The bolt of acid hits you!!!
Ouch! That really hurt!
You die...

#..#######.......# ...
#..#......≈≈≈≈≈≈.# ..#
#..#.≈≈≈≈≈.....≈g# ..
###..#.≈....####.≈.# ...
#....#.≈.###...#.≈.# ...
###...#.≈.#_.≈≈.#.≈g# ...
#.....#.≈g#...≈.#.≈.# ...
###..≈.#.≈.#...≈.#.≈.
#....≈.#@≈.##._≈.#.≈..
######....≈.#.≈...≈≈≈.#.≈.#.
#...#.....≈.#.≈≈≈≈....#
#...#.....≈.#.....#####
##........≈.######..
#........≈...... ≈≈≈
#........≈≈≈≈≈≈≈ ..
#...............#
###.#............


You could see a gnoll (very poisoned).

Vanquished Creatures
  Pikel (D:4)
  Grinder (D:3)
  Eustachio (D:4)
  A sky beast (D:5)
  A black bear (D:5)
  A phantom (D:5)
  A scorpion (D:4)
  A hound (D:4)
  A jelly (D:5)
  2 iguanas (D:5)
  Natasha (thrice) (D:3)
  Terence (D:3)
  4 gnolls
  4 adders
  An ufetubus (D:5)
  2 worms
  A dart slug (D:3)
  8 orcs
  3 bats
  10 endoplasms
  2 giant cockroaches
  8 goblins
  10 hobgoblins
  2 jackals (D:1)
  6 kobolds
  3 quokkas
  7 ball pythons
  3 frilled lizards
  8 rats
97 creatures vanquished.

Notes
Turn   | Place    | Note
-------+----------+-------------------------------------------
     0 | D:1      | PaleWalker the Ghoul Ice Elementalist began the quest for
                  | the Orb.
     0 | D:1      | Reached XP level 1. HP: 14/14 MP: 2/2
   256 | D:1      | Reached XP level 2. HP: 5/20 MP: 0/4
   515 | D:1      | Found a faded altar of an unknown god.
   521 | D:1      | Prayed at the altar of an unknown god.
   521 | D:1      | Became a worshipper of Cheibriados the Contemplative
   521 | D:1      | Reached * piety under Cheibriados
   916 | D:1      | Reached ** piety under Cheibriados
  1003 | D:1      | Reached XP level 3. HP: 26/26 MP: 3/5
  1254 | D:1      | Reached skill level 5 in Ice Magic
  1565 | D:2      | Reached XP level 4. HP: 32/33 MP: 4/7
  2479 | D:3      | Learned a level 2 spell: Poisonous Vapours
  2608 | D:3      | Noticed Grinder
  2619 | D:3      | Killed Grinder
  2620 | D:3      | Reached XP level 5. HP: 38/38 MP: 7/9
  2620 | D:3      | Reached XP level 6. HP: 45/45 MP: 7/10
  2698 | D:3      | Reached *** piety under Cheibriados
  3254 | D:3      | Noticed Terence
  3260 | D:3      | Killed Terence
  3395 | D:3      | Noticed Natasha
  3403 | D:3      | Killed Natasha
  3718 | D:3      | Noticed Natasha
  3723 | D:3      | Killed Natasha
  3789 | D:3      | Noticed Natasha
  3795 | D:3      | Killed Natasha
  3946 | D:4      | Reached XP level 7. HP: 48/50 MP: 6/12
  3997 | D:4      | Reached skill level 1 in Armour
  4810 | D:5      | Entered Level 5 of the Dungeon
  4810 | D:5      | Noticed Pikel
  4826 | D:4      | Killed Pikel
  4827 | D:4      | Reached skill level 6 in Ice Magic
  4827 | D:4      | Reached XP level 8. HP: 21/57 MP: 0/14
  5023 | D:5      | Noticed Eustachio
  5072 | D:4      | Killed Eustachio
  5578 | D:5      | Reached skill level 5 in Spellcasting
  5578 | D:5      | Reached skill level 5 in Invocations
  5657 | D:5      | Reached skill level 7 in Ice Magic
  5661 | D:5      | Learned a level 3 spell: Ozocubu's Armour
  5666 | D:5      | Learned a level 4 spell: Hailstorm
  5870 | D:5      | Reached skill level 1 in Conjurations
  5939 | D:5      | Found an opulent altar of Gozag.
  5940 | D:5      | Found a bloodstained altar of Trog.
  5989 | D:5      | Killed from afar by a gnoll

Illustrated notes

Levels and vault maps discovered:
D:1:      sevenhm_arrival_forest_fort_small_1, layout_basic,
          ebering_ecumenical_altar_hall, minmay_pentomino_s4
D:2:      layout_rooms, serial_glass, glass_columns_a, glass_columns_c,
          glass_columns_a, glass_columns_a, glass_columns_c, glass_columns_b
D:3:      layout_basic, grunt_ministairs_6, uniq_grinder, uniq_terence,
          uniq_natasha
D:4:      layout_basic, hangedman_decor_diamond_cutter,
          kennysheep_generic_room_12
D:5:      layout_cave_pools, nicolae_overflow_squiral, serial_shops,
          kennysheep_little_box, uniq_blork_the_orc, uniq_eustachio, uniq_pikel

Skill      XL: |  1  2  3  4  5  6  7  8 |
---------------+-------------------------+-----
Spellcasting   | 2 3 4 5 |  5.2
Ice Magic      | 5 6 7 |  7.2
Poison Magic   | 3 4 |  4.1
Armour         | 1 |  1.8
Invocations    | 4 5 |  5.0
Conjurations   | 1 |  1.2
Dodging        | |  1.7
Stealth        | |  2.1

Action                   |  1- 3 |  4- 6 |  7- 9 || total
-------------------------+-------+-------+-------++-------
Melee: Unarmed           |     6 |       |       ||     6
       Dagger            |    25 |    16 |       ||    41
       Punch             |       |     1 |     1 ||     2
       Short sword       |       |    15 |    54 ||    69
 Cast: Freeze            |    43 |    52 |    46 ||   141
       Poisonous Vapours |       |    36 |    40 ||    76
Evoke: Wand              |       |     4 |       ||     4
 Stab: Paralysed         |       |     5 |       ||     5
       Sleeping          |       |     2 |       ||     2
Armor: Robe              |     8 |       |       ||     8
       Leather armour    |    12 |    11 |       ||    23
       Scale mail        |       |     7 |    29 ||    36
Dodge: Dodged            |    29 |    33 |    73 ||   135

Table legend: (Time is in decaauts)
 A = Elapsed time spent in this place.
 B = Non-inter-level travel time spent in this place.
 C = Inter-level travel time spent in this place.
 D = Time resting spent in this place.
 E = Time spent auto-exploring this place.
 F = Levels seen in this place.
 G = Mean time per level.
                   A        B        C        D        E       F      G
               +--------+--------+--------+--------+--------+-----+--------+
         Total |   7474 |   7095 |    379 |    485 |   5531 |   5 | 1494.8 |
       Dungeon |   7474 |   7095 |    379 |    485 |   5531 |   5 | 1494.8 |
               +--------+--------+--------+--------+--------+-----+--------+

Top non-repeatable levels by time:
     D:3: 2184 daAuts
     D:4: 2067 daAuts
     D:1: 1432 daAuts
     D:2: 1115 daAuts
     D:5: 673 daAuts
